 Dungeon Crawl Stone Soup version 0.29.0-4-gdea44cf6ec (webtiles) character file.

Game seed: 15601976805213146369

292 qw the Chopper (level 6, -1/35 HPs)
             Began as a Tengu Warper on Aug 28, 2022.
             Succumbed to a scorpion's poison
             ... on level 5 of the Dungeon.
             The game lasted 00:00:24 (4661 turns).

qw the Chopper (Tengu Warper)                       Turns: 4661, Time: 00:00:25

Health: -1/35      AC:  7    Str: 13    XL:     6   Next: 33%
Magic:  10/10      EV: 11    Int: 14    God:
Gold:   292        SH:  0    Dex: 19    Spells: 9/9 levels left

rFire   . . .      SeeInvis .   Y - +0 hand axe
rCold   . . .      Faith    .   (no shield)
rNeg    . . .      Spirit   .   d - +0 scale mail
rPois   .          Reflect  .   (helmet restricted)
rElec   .          Harm     .   (no cloak)
rCorr   .          Rampage  .   i - +0 pair of gloves
Will    .....                   (boots unavailable)
Stlth   ..........              (no amulet)
HPRegen 0.11/turn               f - +6 ring of dexterity
MPRegen 0.12/turn               (no ring)

@: lethally poisoned (-1 -> -12), about to teleport, flying quickly and
evasively, quick
A: beak, talons 3, nimble flight
a: no special abilities


You were on level 5 of the Dungeon.
You visited 1 branch of the dungeon, and saw 5 of its levels.

You collected 292 gold pieces.


Innate Abilities, Weirdness & Mutations

You have a beak for a mouth.
You have claws for feet.
Your magical nature lets you fly swiftly and evasively.


   Skills:
 + Level 2.1 Fighting
 - Level 7.1 Axes
 - Level 1.0 Throwing
 - Level 1.1 Armour
 - Level 2.1 Dodging
 - Level 2.0 Spellcasting
 - Level 2.4 Translocations


You had 9 spell levels left.
You didn't know any spells.
Your spell library contained the following spells:

 Spells                   Type           Power      Damage    Failure   Level
 Blink                    Tloc           16%        N/A       54%         2
 Gell's Gravitas          Tloc           8%         N/A       78%         3
 Lesser Beckoning         Tloc           8%         N/A       78%         3
 Teleport Other           Tloc           8%         N/A       78%         3
 Manifold Assault         Tloc           8%         N/A       100%        5

Inventory:

Hand Weapons
 a - a +0 morningstar
 Y - a +0 hand axe (weapon)
Armour
 d - a +0 scale mail (worn)
 i - a +0 pair of gloves (worn)
Jewellery
 f - a +6 ring of dexterity (left hand)
Scrolls
 e - a scroll of identify
 j - a scroll of teleportation
Potions
 b - a potion of haste
 h - a potion of curing
 k - a potion of lignification {unknown}

Dungeon Overview and Level Annotations

Branches:
Dungeon (5/15)
 Temple: D:4-7

Altars:


Message History

Existing waypoints: (1) D:4 (2) D:3 Assign waypoint to what number? (0-9, D - delete waypoint) Waypoint 2 re-assigned from D:3 to D:5.
Enter note: You hit the white imp.
You claw the white imp, but do no damage.
Your peck misses the white imp.
The white imp is lightly wounded.
The white imp gestures at you. The puff of frost hits you!
A jelly comes into view.
An adder comes into view.
You closely miss the white imp.
The white imp is lightly wounded.
The white imp barely misses you.
You closely miss the white imp. Your kick misses the white imp.
The white imp is lightly wounded.
The white imp barely misses you.
You closely miss the white imp. You claw the white imp.
The white imp is heavily wounded.
The white imp gestures at you. The puff of frost hits you.
You hit the white imp. You claw the white imp.
You kill the white imp!
You barely miss the adder. You hit the scorpion.
You hit the jelly but do no damage.
Your hands burn!
The adder bites you but does no damage. The scorpion stings you.
The jelly barely misses you. The adder closely misses you.
You hit the scorpion.
You peck the scorpion, but do no damage.
The scorpion is moderately wounded.
You miss the adder. You hit the jelly.
Your hands burn!
The scorpion stings you.
You are lethally poisoned!
The scorpion poisons you! The jelly hits you but does no damage.
The adder bites you but does no damage.
4661 ||| READING 2 scrolls of teleportation.
As you read the scroll of teleportation, it crumbles to dust.
You feel strangely unstable.
You die...

... ... s####
#.. ....8
..####.....
#.#.#...... #
#..........
#..##.J.s...#
$......@O...#
.......S...##
...##.......#
. #.....###
...##..# ....
### #..## ###


You could see an ogre, a scorpion, a jelly and an adder.

Vanquished Creatures
  4 jellies (D:4)
  An orc wizard (D:4)
  3 adders
  A white imp (D:5)
  2 worms (D:4)
  3 dart slugs
  9 orcs
  11 ball pythons
  8 endoplasms
  4 giant cockroaches (D:1)
  16 hobgoblins
  3 quokkas
  7 bats
  A frilled lizard (D:2)
  9 goblins
  2 kobolds
  4 rats
88 creatures vanquished.

Notes
Turn   | Place    | Note
-------+----------+-------------------------------------------
     0 | D:1      | qw the Tengu Warper began the quest for the Orb.
     0 | D:1      | Reached XP level 1. HP: 12/12 MP: 4/4
     0 | D:1      | 0 ||| qw: Version: 0.1-a-89-g26bdef1
     0 | D:1      | 0 ||| qw: Game counter: 2561
     0 | D:1      | 0 ||| qw: Always use a shield: true
     0 | D:1      | 0 ||| qw: God list: Okawaru
     0 | D:1      | 0 ||| qw: Allow faded altars: false
     0 | D:1      | 0 ||| qw: Do Orc after D:15 true
     0 | D:1      | 0 ||| qw: Do second Lair branch before Depths: true
     0 | D:1      | 0 ||| qw: Lair rune preference: random
     0 | D:1      | 0 ||| qw: Plans: Normal
     0 | D:1      | 0 ||| PLANNING D:1-11
   257 | D:1      | Reached XP level 2. HP: 17/17 MP: 6/6
   275 | D:1      | Reached skill level 3 in Axes
   558 | D:1      | Reached XP level 3. HP: 14/21 MP: 7/7
   776 | D:1      | Reached skill level 4 in Axes
   961 | D:1      | 961 ||| Stepping ~*~*~tactically~*~*~ (stealth).
  1263 | D:1      | 1263 ||| UPGRADING to +0 ring mail.
  1273 | D:1      | 1273 ||| DROPPING +0 leather armour.
  1274 | D:1      | 1274 ||| UPGRADING to +0 pair of gloves.
  1279 | D:1      | 1279 ||| READING scroll labelled POODIVV VOCUFE.
  1280 | D:1      | 1280 ||| READING scroll labelled VYIPHIS ETEIS.
  1281 | D:1      | 1281 ||| READING scroll labelled WUCIQOTONK.
  1282 | D:1      | 1282 ||| READING scroll labelled RUEMA CEOMUN.
  1285 | D:1      | 1285 ||| DROPPING scroll of blinking.
  1336 | D:2      | 1336 ||| Stepping ~*~*~tactically~*~*~ (hiding).
  1521 | D:2      | 1521 ||| Stepping ~*~*~tactically~*~*~ (stealth).
  1553 | D:2      | 1553 ||| Stepping ~*~*~tactically~*~*~ (stealth).
  1621 | D:2      | 1621 ||| DROPPING +0 club.
  1642 | D:2      | 1642 ||| Stepping ~*~*~tactically~*~*~ (stealth).
  1643 | D:2      | 1643 ||| Stepping ~*~*~tactically~*~*~ (stealth).
  1891 | D:2      | Reached XP level 4. HP: 26/26 MP: 8/8
  2003 | D:2      | 2003 ||| UPGRADING to +0 scale mail.
  2013 | D:2      | 2013 ||| DROPPING +0 ring mail.
  2014 | D:2      | 2014 ||| DROPPING amulet of faith.
  2015 | D:2      | 2015 ||| READING scroll labelled OKHEOHA ONEQAU.
  2421 | D:3      | Reached skill level 5 in Axes
  2562 | D:3      | 2562 ||| Stepping ~*~*~tactically~*~*~ (stealth).
  2615 | D:3      | 2615 ||| FLEEEEING.
  2616 | D:3      | 2616 ||| FLEEEEING.
  2617 | D:3      | 2617 ||| FLEEEEING.
  2618 | D:3      | 2618 ||| FLEEEEING.
  2619 | D:3      | 2619 ||| FLEEEEING.
  2620 | D:3      | 2620 ||| FLEEEEING.
  2621 | D:3      | 2621 ||| FLEEEEING.
  2747 | D:3      | 2747 ||| DROPPING +0 mace.
  2774 | D:3      | 2774 ||| DROPPING +0 flail.
  2827 | D:3      | 2827 ||| Stepping ~*~*~tactically~*~*~ (stealth).
  3143 | D:4      | Gained mutation: Your magical nature lets you fly swiftly
                  | and evasively. [Tengu growth]
  3143 | D:4      | Reached XP level 5. HP: 9/30 MP: 9/9
  3393 | D:4      | Reached skill level 6 in Axes
  3589 | D:4      | Reached XP level 6. HP: 34/35 MP: 10/10
  3768 | D:4      | 3768 ||| Stepping ~*~*~tactically~*~*~ (stealth).
  3773 | D:4      | 3773 ||| Stepping ~*~*~tactically~*~*~ (stealth).
  3774 | D:4      | 3774 ||| Stepping ~*~*~tactically~*~*~ (stealth).
  3776 | D:4      | 3776 ||| Stepping ~*~*~tactically~*~*~ (hiding).
  3778 | D:4      | 3778 ||| Stepping ~*~*~tactically~*~*~ (hiding).
  3779 | D:4      | 3779 ||| Stepping ~*~*~tactically~*~*~ (hiding).
  3782 | D:4      | 3782 ||| Stepping ~*~*~tactically~*~*~ (hiding).
  3783 | D:4      | 3783 ||| Stepping ~*~*~tactically~*~*~ (hiding).
  3800 | D:4      | HP: 6/35 [something/magic dart (3)]
  3803 | D:4      | 3803 ||| FLEEEEING.
  3804 | D:4      | 3804 ||| FLEEEEING.
  3805 | D:4      | Reached skill level 7 in Axes
  3805 | D:4      | 3805 ||| FLEEEEING.
  3808 | D:4      | 3808 ||| FLEEEEING.
  3809 | D:4      | 3809 ||| FLEEEEING.
  3810 | D:4      | 3810 ||| FLEEEEING.
  3811 | D:4      | 3811 ||| FLEEEEING.
  3812 | D:4      | 3812 ||| FLEEEEING.
  3815 | D:4      | 3815 ||| FLEEEEING.
  3816 | D:4      | 3816 ||| FLEEEEING.
  3817 | D:4      | 3817 ||| FLEEEEING.
  3818 | D:4      | 3818 ||| FLEEEEING.
  3819 | D:4      | 3819 ||| FLEEEEING.
  3820 | D:4      | 3820 ||| FLEEEEING.
  3821 | D:4      | 3821 ||| FLEEEEING.
  3822 | D:4      | 3822 ||| FLEEEEING.
  3823 | D:4      | 3823 ||| FLEEEEING.
  3824 | D:4      | 3824 ||| FLEEEEING.
  3825 | D:4      | 3825 ||| FLEEEEING.
  3826 | D:4      | 3826 ||| FLEEEEING.
  3827 | D:4      | 3827 ||| STAIRDANCE
  4065 | D:3      | 4065 ||| UPGRADING to +6 ring of dexterity.
  4066 | D:3      | 4066 ||| READING scroll labelled OSEIBBACELO.
  4167 | D:3      | 4167 ||| READING scroll labelled DOZXANLAF GIOH.
  4620 | D:4      | 4620 ||| READING scroll labelled SUIQOS WOADETH.
  4621 | D:4      | 4621 ||| READING 3 scrolls labelled YMOANUA SUFIWN.
  4622 | D:4      | 4622 ||| DRINKING 2 orange potions.
  4623 | D:4      | 4623 ||| READING 4 scrolls of identify.
  4623 | D:4      | 4623 ||| IDENTIFYING murky brown potion
  4624 | D:4      | 4624 ||| READING 3 scrolls of identify.
  4624 | D:4      | 4624 ||| IDENTIFYING brown potion
  4625 | D:4      | 4625 ||| READING 2 scrolls of identify.
  4625 | D:4      | 4625 ||| IDENTIFYING clear potion
  4626 | D:4      | 4626 ||| DROPPING potion of brilliance.
  4627 | D:4      | 4627 ||| DROPPING potion of attraction.
  4628 | D:4      | 4628 ||| DROPPING 2 scrolls of vulnerability.
  4653 | D:5      | Entered Level 5 of the Dungeon
  4660 | D:5      | HP: 7/35 [acid (2)]
  4660 | D:5      | HP: 2/35 [scorpion (5)]
  4661 | D:5      | 4661 ||| READING 2 scrolls of teleportation.
  4661 | D:5      | Succumbed to a scorpion's poison

Levels and vault maps discovered:
D:1:      nagdon_arrival_double_spiral, layout_loops_ring,
          minmay_misc_feat_secret_circle
D:2:      layout_basic
D:3:      layout_loops_ring
D:4:      layout_layer_cave, minmay_box_of_dots
D:5:      layout_cave_pools, serial_shops, shop_statue, serial_column_ruins,
          column_ruins_pillar_1, column_ruins_pillar_9, column_ruins_pillar_6,
          column_ruins_pillar_4, column_ruins_pillar_1, column_ruins_pillar_1,
          column_ruins_pillar_4, column_ruins_pillar_2, column_ruins_pillar_3,
          column_ruins_pillar_9, column_ruins_pillar_2, column_ruins_pillar_5,
          column_ruins_pillar_1, column_ruins_pillar_8, serial_park_tiny_2

Skill      XL: |  1  2  3  4  5  6 |
---------------+-------------------+-----
Axes           | 3 4 5 6 7 |  7.1
Fighting       | |  2.1
Throwing       | |  1.0
Armour         | |  1.1
Dodging        | |  2.1
Spellcasting   | |  2.0
Translocations | |  2.4

Action                   |  1- 3 |  4- 6 || total
-------------------------+-------+-------++-------
Melee: Hand axe          |    95 |   141 ||   236
       Kick              |    34 |    36 ||    70
       Peck              |    12 |    26 ||    38
       Punch             |       |     1 ||     1
Throw: Boomerang         |     7 |       ||     7
  Use: Scroll            |     4 |     9 ||    13
       Potion            |       |     1 ||     1
Armor: Leather armour    |    19 |       ||    19
       Ring mail         |     3 |     5 ||     8
       Scale mail        |       |    48 ||    48
Dodge: Dodged            |    55 |    58 ||   113

Table legend:
 A = Non-vault XP
 B = Vault XP
 C = Vault XP percentage of total XP
 D = Non-vault monster count
 E = Vault monster count
 F = Vault count percentage of total count
                 A         B        C        D         E       F
            +---------+---------+-------+---------+---------+-------
      Total |     414 |       4 |   1.0 |      86 |       2 |   2.3
            +---------+---------+-------+---------+---------+-------
        D:1 |      51 |       0 |   0.0 |      29 |       0 |   0.0
        D:2 |      32 |       0 |   0.0 |      16 |       0 |   0.0
        D:3 |      67 |       0 |   0.0 |      22 |       0 |   0.0
        D:4 |     253 |       4 |   1.6 |      18 |       2 |  10.0
        D:5 |      11 |       0 |   0.0 |       1 |       0 |   0.0
            +---------+---------+-------+---------+---------+-------
